TOP OF THE 1ST |
Seattle Pikes batting - Pitching for Greenville 84s : LHP Sam Kettley
|
Pitching: LHP Sam Kettley
|
|
Batting: LHB Roberto Lozano
|
0-0: Fly out, F7 (Flyball, 78XD)
|
Batting: RHB Bill Mark
|
0-0: Ball 1-0: Ground out 6-3 (Groundball, 6M)
|
Batting: LHB Richard Hunter
|
0-0: Ball 1-0: Foul Ball, location: 2F 1-1: Ball 2-1: Ball 3-1: Called Strike 3-2: Base on Balls
|
Batting: RHB Manuel Rico
|
0-0: Called Strike 0-1: Ball 1-1: Ball 2-1: Fielders Choice at 2nd, 5-4 (Groundball, 56)
|
Top of the 1st over - 0 run(s), 0 hit(s), 0 error(s), 0 left on base; Seattle 0 - Greenville 0 |
BOTTOM OF THE 1ST |
Greenville 84s batting - Pitching for Seattle Pikes : LHP David Hill
|
Pitching: LHP David Hill
|
|
Batting: RHB Carlos Torres
|
0-0: Foul Ball, location: 2F 0-1: Ball 1-1: Ball 2-1: Ball 3-1: SINGLE (Flyball, 8RS)
|
Batting: RHB Robert Buckley
|
0-0: Called Strike 0-1: Ball 1-1: Ball 2-1: Foul Ball, location: 2F 2-2: Fly out, F4 (Popup, 4)
|
Batting: LHB Brock Larsen
|
0-0: Ball 1-0: DOUBLE (Line Drive, 8RXD) Carlos Torres to third Runner from 3rd tries for Home, SAFE, throw made home
|
Batting: RHB Enzo Díaz
|
0-0: Ball 1-0: Fly out, F6 (Popup, 6D)
|
Batting: LHB Paco Rosas
|
0-0: Ball 1-0: Fly out, F9 (Flyball, 9D)
|
Bottom of the 1st over - 1 run(s), 2 hit(s), 0 error(s), 1 left on base; Seattle 0 - Greenville 1 |
TOP OF THE 2ND |
Seattle Pikes batting - Pitching for Greenville 84s : LHP Sam Kettley
|
Batting: RHB Wallace Greene
|
0-0: Foul Ball, location: 2F 0-1: Swinging Strike 0-2: Ball 1-2: Ball 2-2: Foul Ball, location: 2F 2-2: Ground out 6-3 (Groundball, 6)
|
Batting: RHB Iván Gonzáles
|
0-0: Foul Ball, location: 2F 0-1: Ball 1-1: Ball 2-1: Swinging Strike 2-2: Ball 3-2: SINGLE (Groundball, 4MD)
|
Batting: RHB Pete Rideout
|
0-0: Ball 1-0: Ball 2-0: Called Strike 2-1: Ball 3-1: Called Strike 3-2: Base on Balls Iván Gonzáles to second
|
Batting: RHB Arnold Harmon
|
0-0: 3-RUN HOME RUN (Flyball, 78XD), Distance : 396 ft
|
Batting: RHB Roberto Zamora
|
0-0: Swinging Strike 0-1: Ball 1-1: Foul Ball, location: 2F 1-2: Strikes out looking
|
Batting: LHB Roberto Lozano
|
0-0: Called Strike 0-1: Ball 1-1: Called Strike 1-2: Strikes out looking
|
Top of the 2nd over - 3 run(s), 2 hit(s), 0 error(s), 0 left on base; Seattle 3 - Greenville 1 |
BOTTOM OF THE 2ND |
Greenville 84s batting - Pitching for Seattle Pikes : LHP David Hill
|
Batting: LHB Jimmy Vickers
|
0-0: Ball 1-0: Swinging Strike 1-1: Ball 2-1: Foul Ball, location: 2F 2-2: Foul Ball, location: 2F 2-2: Strikes out swinging
|
Batting: LHB Robert Moore
|
0-0: Ball 1-0: Swinging Strike 1-1: Ground out 4-3 (Groundball, 4)
|
Batting: RHB Felipe Rodríguez
|
0-0: Foul Ball, location: 2F 0-1: Ground out 5-3 (Groundball, 56S)
|
Bottom of the 2nd over - 0 run(s), 0 hit(s), 0 error(s), 0 left on base; Seattle 3 - Greenville 1 |
TOP OF THE 3RD |
Seattle Pikes batting - Pitching for Greenville 84s : LHP Sam Kettley
|
Batting: RHB Bill Mark
|
0-0: Ball 1-0: Fly out, F7 (Line Drive, 7)
|
Batting: LHB Richard Hunter
|
0-0: SINGLE (Line Drive, 4D)
|
Batting: RHB Manuel Rico
|
0-0: Called Strike Richard Hunter is caught stealing 2nd base 0-1: Ball 1-1: Ball 2-1: Ball 3-1: Foul Ball, location: 2F 3-2: Foul Ball, location: 2F 3-2: Base on Balls
|
Batting: RHB Wallace Greene
|
0-0: Foul Ball, location: 2F 0-1: Ball 1-1: Swinging Strike 1-2: Ball 2-2: Ball 3-2: Base on Balls Manuel Rico to second
|
Batting: RHB Iván Gonzáles
|
0-0: Foul Ball, location: 2F 0-1: Reached on error, E3 (Groundball, 3) Manuel Rico to third Wallace Greene to second
|
Batting: RHB Pete Rideout
|
0-0: Called Strike 0-1: Fielders Choice at 2nd, 5-4 (Groundball, 5)
|
Top of the 3rd over - 0 run(s), 1 hit(s), 1 error(s), 2 left on base; Seattle 3 - Greenville 1 |
BOTTOM OF THE 3RD |
Greenville 84s batting - Pitching for Seattle Pikes : LHP David Hill
|
Batting: RHB Dan Hooper
|
0-0: Called Strike 0-1: Ball 1-1: Ground out 6-3 (Groundball, 6)
|
Batting: RHB Carlos Torres
|
0-0: Ball 1-0: Foul Ball, location: 2F 1-1: Foul Ball, location: 2F 1-2: Ball 2-2: Foul Ball, location: 2F 2-2: Foul Ball, location: 2F 2-2: Ball 3-2: Ground out 6-3 (Groundball, 6)
|
Batting: RHB Robert Buckley
|
0-0: Ball 1-0: Ball 2-0: Called Strike 2-1: Swinging Strike 2-2: Foul Ball, location: 2F 2-2: Strikes out swinging
|
Bottom of the 3rd over - 0 run(s), 0 hit(s), 0 error(s), 0 left on base; Seattle 3 - Greenville 1 |
TOP OF THE 4TH |
Seattle Pikes batting - Pitching for Greenville 84s : LHP Sam Kettley
|
Batting: RHB Arnold Harmon
|
0-0: Fly out, F4 (Popup, 34D)
|
Batting: RHB Roberto Zamora
|
0-0: Called Strike 0-1: Ground out 1-3 (Groundball, 15)
|
Batting: LHB Roberto Lozano
|
0-0: Called Strike 0-1: Foul Ball, location: 2F 0-2: Ground out U3 (Groundball, 3)
|
Top of the 4th over - 0 run(s), 0 hit(s), 0 error(s), 0 left on base; Seattle 3 - Greenville 1 |
BOTTOM OF THE 4TH |
Greenville 84s batting - Pitching for Seattle Pikes : LHP David Hill
|
Batting: LHB Brock Larsen
|
0-0: Called Strike 0-1: Swinging Strike 0-2: Ball 1-2: Foul Ball, location: 2F 1-2: Ball 2-2: Foul Ball, location: 2F 2-2: Ground out 6-3 (Groundball, 6)
|
Batting: RHB Enzo Díaz
|
0-0: Ball 1-0: Fly out, F6 (Line Drive, 6MD)
|
Batting: LHB Paco Rosas
|
0-0: Swinging Strike 0-1: Called Strike 0-2: Ball 1-2: SINGLE (Groundball, 56) (infield hit)
|
Batting: LHB Jimmy Vickers
|
0-0: Called Strike 0-1: Ball 1-1: Foul Ball, location: 2F 1-2: Ball Passed Ball! Paco Rosas to second 2-2: Ground out 4-3 (Groundball, 4S)
|
Bottom of the 4th over - 0 run(s), 1 hit(s), 0 error(s), 1 left on base; Seattle 3 - Greenville 1 |
TOP OF THE 5TH |
Seattle Pikes batting - Pitching for Greenville 84s : LHP Sam Kettley
|
Batting: RHB Bill Mark
|
0-0: Ground out 1-3 (Groundball, P)
|
Batting: LHB Richard Hunter
|
0-0: Ball 1-0: Ball 2-0: Called Strike 2-1: Ball 3-1: Base on Balls
|
Batting: RHB Manuel Rico
|
0-0: Fielders Choice at 2nd, 5-4 (Groundball, 56)
|
Batting: RHB Wallace Greene
|
0-0: Ball 1-0: Called Strike 1-1: Ball 2-1: Foul Ball, location: 2F 2-2: Fly out, F9 (Flyball, 9S)
|
Top of the 5th over - 0 run(s), 0 hit(s), 0 error(s), 1 left on base; Seattle 3 - Greenville 1 |
BOTTOM OF THE 5TH |
Greenville 84s batting - Pitching for Seattle Pikes : LHP David Hill
|
Batting: LHB Robert Moore
|
0-0: Ball 1-0: Swinging Strike 1-1: Ball 2-1: Called Strike 2-2: Ball 3-2: Foul Ball, location: 2F 3-2: Strikes out looking
|
Batting: RHB Felipe Rodríguez
|
0-0: Ball 1-0: SOLO HOME RUN (Line Drive, 7D), Distance : 351 ft
|
Batting: RHB Dan Hooper
|
0-0: Ball 1-0: Ground out 6-3 (Groundball, 6)
|
Batting: RHB Carlos Torres
|
0-0: Ball 1-0: Ball 2-0: Ball 3-0: Called Strike 3-1: Foul Ball, location: 2F 3-2: Base on Balls
|
Batting: RHB Robert Buckley
|
0-0: Called Strike 0-1: Ball 1-1: Fielders Choice at 2nd, 6-4 (Groundball, 6D)
|
Bottom of the 5th over - 1 run(s), 1 hit(s), 0 error(s), 0 left on base; Seattle 3 - Greenville 2 |
TOP OF THE 6TH |
Seattle Pikes batting - Pitching for Greenville 84s : LHP Sam Kettley
|
Batting: RHB Iván Gonzáles
|
0-0: Ball 1-0: Ball 2-0: Called Strike 2-1: Ball 3-1: Foul Ball, location: 2F 3-2: Strikes out swinging
|
Batting: RHB Pete Rideout
|
0-0: Ball 1-0: Called Strike 1-1: Ground out 3-1 (Groundball, 34S)
|
Batting: RHB Arnold Harmon
|
0-0: Swinging Strike 0-1: Ball 1-1: Fly out, F3 (Line Drive, 3)
|
Top of the 6th over - 0 run(s), 0 hit(s), 0 error(s), 0 left on base; Seattle 3 - Greenville 2 |
BOTTOM OF THE 6TH |
Greenville 84s batting - Pitching for Seattle Pikes : LHP David Hill
|
Batting: LHB Brock Larsen
|
0-0: Ball 1-0: Foul Ball, location: 2F 1-1: Ball 2-1: Called Strike 2-2: Fly out, F6 (Line Drive, 56D)
|
Batting: RHB Enzo Díaz
|
0-0: Foul Ball, location: 2F 0-1: Ball 1-1: Fly out, F4 (Popup, 34D)
|
Batting: LHB Paco Rosas
|
0-0: Ground out 4-3 (Groundball, 4)
|
Bottom of the 6th over - 0 run(s), 0 hit(s), 0 error(s), 0 left on base; Seattle 3 - Greenville 2 |
TOP OF THE 7TH |
Seattle Pikes batting - Pitching for Greenville 84s : LHP Sam Kettley
|
Pitching: RHP Kenshin Kubota
|
|
Batting: RHB Roberto Zamora
|
0-0: Ball 1-0: Called Strike 1-1: Foul Ball, location: 2F 1-2: Strikes out swinging
|
Batting: LHB Roberto Lozano
|
0-0: Ball 1-0: Ball 2-0: Ball 3-0: Base on Balls
|
Batting: RHB Bill Mark
|
0-0: Ball 1-0: Ball 2-0: Foul Ball, location: 2F 2-1: Called Strike 2-2: Fly out, F8 (Flyball, 78M)
|
Batting: LHB Richard Hunter
|
0-0: Ball Roberto Lozano is caught stealing 2nd base
|
Top of the 7th over - 0 run(s), 0 hit(s), 0 error(s), 0 left on base; Seattle 3 - Greenville 2 |
BOTTOM OF THE 7TH |
Greenville 84s batting - Pitching for Seattle Pikes : LHP David Hill
|
Batting: LHB Jimmy Vickers
|
0-0: Ball 1-0: Ball 2-0: Ball 3-0: Called Strike 3-1: SINGLE (Line Drive, 9S)
|
Pitching: RHP Orlando Ojeda
|
|
Batting: LHB Robert Moore
|
0-0: Sac Bunt - play at first, batter OUT! 1-3 Jimmy Vickers to second
|
Batting: RHB Felipe Rodríguez
|
Balk! Jimmy Vickers to third 0-0: Called Strike 0-1: Ball 1-1: Called Strike 1-2: Ball 2-2: Strikes out swinging
|
Pinch Hitting: RHB Vic Langlois
|
0-0: Called Strike 0-1: Ball 1-1: Swinging Strike 1-2: Strikes out looking
|
Bottom of the 7th over - 0 run(s), 1 hit(s), 0 error(s), 1 left on base; Seattle 3 - Greenville 2 |
TOP OF THE 8TH |
Seattle Pikes batting - Pitching for Greenville 84s : RHP Kenshin Kubota
|
Now in LF: Felipe Rego
|
|
Batting: LHB Richard Hunter
|
0-0: Ball 1-0: SOLO HOME RUN (Flyball, 9D), Distance : 358 ft
|
Batting: RHB Manuel Rico
|
0-0: Ball 1-0: Ball 2-0: Foul Ball, location: 2F 2-1: Swinging Strike 2-2: Strikes out looking
|
Batting: RHB Wallace Greene
|
0-0: Ball 1-0: Ball 2-0: Ball 3-0: Called Strike 3-1: Foul Ball, location: 2F 3-2: Strikes out swinging
|
Batting: RHB Iván Gonzáles
|
0-0: Ball 1-0: Ball 2-0: Ball 3-0: Foul Ball, location: 2F 3-1: SOLO HOME RUN (Flyball, 7D), Distance : 370 ft
|
Batting: RHB Pete Rideout
|
0-0: Ground out 3-1 (Groundball, 34)
|
Top of the 8th over - 2 run(s), 2 hit(s), 0 error(s), 0 left on base; Seattle 5 - Greenville 2 |
BOTTOM OF THE 8TH |
Greenville 84s batting - Pitching for Seattle Pikes : RHP Orlando Ojeda
|
Batting: RHB Carlos Torres
|
0-0: Ball 1-0: Called Strike 1-1: Foul Ball, location: 2F 1-2: Ball 2-2: Ball 3-2: DOUBLE (Line Drive, 7D)
|
Batting: RHB Robert Buckley
|
0-0: Ball 1-0: Ball 2-0: Called Strike 2-1: Foul Ball, location: 2F 2-2: Ball 3-2: Base on Balls
|
Pitching: LHP Jesús Martínez
|
|
Batting: LHB Brock Larsen
|
0-0: Ball 1-0: Ball 2-0: Ball 3-0: Called Strike 3-1: Foul Ball, location: 2F 3-2: Fly out, F8 (Flyball, 78M)
|
Pitching: LHP Manny Sandoval
|
|
Batting: RHB Enzo Díaz
|
0-0: Ball 1-0: Fly out, F8 (Flyball, 8LD) Runner from 2nd tags up, SAFE at 3rd, no throw
|
Batting: LHB Paco Rosas
|
0-0: Ball 1-0: Ground out 4-3 (Groundball, 34)
|
Bottom of the 8th over - 0 run(s), 1 hit(s), 0 error(s), 2 left on base; Seattle 5 - Greenville 2 |
TOP OF THE 9TH |
Seattle Pikes batting - Pitching for Greenville 84s : RHP Kenshin Kubota
|
Pitching: RHP Paco Ruíz
|
|
Batting: RHB Arnold Harmon
|
0-0: Called Strike 0-1: Foul Ball, location: 2F 0-2: Ball 1-2: Foul Ball, location: 2F 1-2: Ball 2-2: Fly out, F8 (Flyball, 8RM)
|
Batting: RHB Roberto Zamora
|
0-0: SINGLE (Groundball, 56D)
|
Batting: LHB Roberto Lozano
|
0-0: Called Strike 0-1: Ball 1-1: Ball 2-1: Foul Ball, location: 2F 2-2: Grounds into double play, 4-6-3 (Groundball, 4)
|
Top of the 9th over - 0 run(s), 1 hit(s), 0 error(s), 0 left on base; Seattle 5 - Greenville 2 |
BOTTOM OF THE 9TH |
Greenville 84s batting - Pitching for Seattle Pikes : LHP Manny Sandoval
|
Pitching: LHP Cristián Escobar
|
|
Batting: LHB Jimmy Vickers
|
0-0: Foul Ball, location: 2F 0-1: Swinging Strike 0-2: Ground out 6-3 (Groundball, 6)
|
Batting: LHB Robert Moore
|
0-0: Ball 1-0: Ball 2-0: Called Strike 2-1: Foul Ball, location: 2F 2-2: Foul Ball, location: 2F 2-2: Foul Ball, location: 2F 2-2: Ball 3-2: Strikes out swinging
|
Batting: RHB Felipe Rodríguez
|
0-0: Ball 1-0: Called Strike 1-1: Foul Ball, location: 2F 1-2: Strikes out looking
|
Bottom of the 9th over - 0 run(s), 0 hit(s), 0 error(s), 0 left on base; Seattle 5 - Greenville 2 |
|